 Dungeon Crawl Stone Soup version 0.30-a0-782-ge64f9170bb (webtiles) character file.

Game seed: 1264346687783141528

1439 DavidChitty2 the Reanimator (level 8, -3/62 HPs)
             Began as a Demonspawn Necromancer on Mar 8, 2023.
             Killed by divine providence
             ... invoked by an orc priest
              (11 damage)
             ... on level 5 of the Dungeon.
             The game lasted 00:12:36 (4741 turns).

DavidChitty2 the Reanimator (DsNe)                  Turns: 4741, Time: 00:12:37

Health: -3/62      AC: 13    Str:  8    XL:     8   Next: 45%
Magic:  7/15       EV: 11    Int: 18    God:
Gold:   397        SH:  0    Dex: 15    Spells: 9/17 levels left

rFire   . . .      SeeInvis .    b - +0 sling
rCold   . . .      Faith    .    (no shield)
rNeg    . . .      Spirit   .    z - +0 leather armour
rPois   .          Reflect  .    (no helmet)
rElec   .          Harm     .    (no cloak)
rCorr   .          Rampage  .    t - +0 pair of gloves
Will    .....                    (no boots)
Stlth   ++                       (no amulet)
HPRegen 0.30/turn                (no ring)
MPRegen 0.28/turn                (no ring)

@: sanguine armoured
A: hooves 1, magic regeneration, sanguine armour 2
a: no special abilities


You were on level 5 of the Dungeon.
You visited 2 branches of the dungeon, and saw 6 of its levels.

You collected 397 gold pieces.

Inventory:

Hand Weapons
 a - a +4 whip
   (You took it off a kobold on level 1 of the Dungeon)
 b - a +0 sling (weapon)
   (You found it on level 1 of the Dungeon)
Missiles
 d - 2 throwing nets {!f}
Armour
 t - a +0 pair of gloves (worn)
   (You found it on level 4 of the Dungeon)
 z - a +0 leather armour (worn)
   (You found it on level 5 of the Dungeon)
Magical Staves
 k - a staff of air
   (You found it on level 2 of the Dungeon)
 r - a staff of cold
   (You found it on level 4 of the Dungeon)
Wands
 u - a wand of paralysis (11)
   (You took it off Pikel on level 4 of the Dungeon)
Scrolls
 c - a scroll of identify {unknown}
 g - a scroll of silence {unknown}
 j - 2 scrolls of blinking {unknown}
 l - a scroll of butterflies {unknown}
 m - a scroll of magic mapping {unknown}
 n - a scroll of immolation {unknown}
 o - 2 scrolls of amnesia {unknown}
 p - a scroll of vulnerability {unknown}
 v - a scroll of poison {unknown}
 w - a scroll of fear {unknown}
 y - a scroll of torment {unknown}
Potions
 f - 2 potions of magic
 h - 4 potions of heal wounds {unknown}
 i - a potion of might {unknown}
 q - a potion of experience {unknown}
 s - a potion of flight {unknown}
 x - a potion of curing {unknown}


   Skills:
 + Level 5.0 Fighting
 - Level 1.7 Dodging
 - Level 1.7 Stealth
 + Level 5.1 Spellcasting
 * Level 9.3 Necromancy


You had 9 spell levels left.
You knew the following spells:

 Your Spells              Type           Power      Damage    Failure   Level
a - Necrotise             Necr           100%       1d9       1%          1
q - Vampiric Draining     Necr           38%        2d8       1%          3
z - Animate Dead          Necr           38%        N/A       4%          4

Your spell library contained the following spells:

 Spells                   Type           Power      Damage    Failure   Level
 Agony                    Necr           38%        N/A       12%         5


Dungeon Overview and Level Annotations

Branches:
Dungeon (5/15)             Temple (1/1) D:5

Altars:
Ashenzari
Cheibriados
Gozag
Makhleb
Ru
Sif Muna
Trog
Uskayaw
Wu Jian

Annotations:
D:2 exclusion: gnoll
D:5 1 runed translucent door, gabibbone's ghost, novice TeFi


Innate Abilities, Weirdness & Mutations

You have large cloven feet.
You regenerate magic rapidly.
When seriously injured, your blood forms thick armour. (AC +9)


Message History

The orc priest writhes in agony.
The orc priest invokes the aid of Beogh against you.
Beogh smites you!
* * * LOW HITPOINT WARNING * * *
Aim: an orc priest, wielding a +0 dagger and wearing a +0 leather armour (moderately wounded, ally target, chance to affect: 83%)
The orc priest writhes in agony.
Your orc priest zombie closely misses the orc priest.
The orc priest casts a cantrip, but nothing happens.
Aim: an orc priest, wielding a +0 dagger and wearing a +0 leather armour (heavily wounded, ally target, chance to affect: 83%)
The orc priest writhes in agony.
Aim: an orc priest, wielding a +0 dagger and wearing a +0 leather armour (severely wounded, ally target, chance to affect: 83%)
The orc priest writhes in agony.
You kill the orc priest!
The dead are walking!
The orc priest hits your orc priest zombie with a +0 club.
Your orc priest zombie barely misses the orc priest.
What are your orders? t - Shout!
Orders for allies: a - Attack new target. r - Retreat! s - Stop attacking. g - Guard the area. f - Follow me.
Anything else - Cancel.
Gang up on whom?
Aim: an orc priest, wielding a +0 club and wearing a +0 ring mail (ally target) Attack!
The orc priest barely misses your orc priest zombie.
Your reaping aura is weakening.
Your orc priest zombie hits the orc priest but does no damage.
The orc priest hits your orc priest zombie with a +0 club.
Your orc priest zombie hits the orc priest but does no damage.
The orc priest hits your orc priest zombie with a +0 club.
Your orc priest zombie hits the orc priest but does no damage.
The orc priest hits your orc priest zombie with a +0 club.
The orc priest hits your orc priest zombie with a +0 club.
Your orc priest zombie barely misses the orc priest.
The orc priest hits your orc priest zombie with a +0 club.
Your orc priest zombie is destroyed!
Your reaping aura expires.
The orc priest miscasts a cantrip.
Your orc priest zombie closely misses the orc priest.
The orc priest hits your orc priest zombie with a +0 club.
Your orc priest zombie hits the orc priest.
The orc priest hits your orc priest zombie with a +0 club!
The orc priest hits your orc priest zombie with a +0 club.
Your orc priest zombie barely misses the orc priest.
The orc priest hits your orc priest zombie with a +0 club.
Your orc priest zombie hits the orc priest but does no damage.
The orc priest calls down the wrath of Beogh upon you.
Beogh smites you!
You die...

#.# #.############
## #.[..........#
.# #..#########.#
.####..# #.#
.......# #.#
.####..# #.#
...##..#########.#
..........<....#@#
.......#######.#.#
.#.###.## #.#Z#
#..##.#.## #.#o#
##.#.###.#####.#.#
..## #..........#
..# #.#.#####)###
...# ###.# #o# #.#
#.#


You could see an orc priest (ally target) and a friendly orc priest zombie.

Vanquished Creatures
  Pikel (D:4)
  Edmund (D:4)
  A water moccasin (D:4)
  Pargi (D:4)
  An ogre (D:4)
  A phantom (D:2)
  Blork the orc (D:3)
  2 scorpions (D:4)
  2 orc priests (D:5)
  An iguana (D:3)
  2 orc wizards
  7 adders
  4 gnolls (D:4)
  A worm (D:3)
  A dart slug (D:3)
  4 orcs
  4 endoplasms
  4 giant cockroaches
  5 goblins
  6 hobgoblins
  6 jackals
  4 quokkas
  10 ball pythons
  4 bats
  2 frilled lizards
  7 kobolds
  5 rats
88 creatures vanquished.

Vanquished Creatures (collateral kills)
  An orc (D:5)
  3 bats
  An endoplasm (D:4)
  A giant cockroach (D:1)
  A goblin (D:1)
  A hobgoblin (D:2)
8 creatures vanquished.

Vanquished Creatures (others)
  A gnoll zombie (D:4)
  A hobgoblin zombie (D:4)
  4 orc zombies (D:5)
  A plant (D:5)
  2 toadstools (D:2)
9 creatures vanquished.

Grand Total: 105 creatures vanquished

Notes
Turn   | Place    | Note
-------+----------+-------------------------------------------
     0 | D:1      | DavidChitty2 the Demonspawn Necromancer began the quest for
                  | the Orb.
     0 | D:1      | Reached XP level 1. HP: 13/13 MP: 3/3
   350 | D:1      | Gained mutation: When seriously injured, your blood forms
                  | armour. (AC +9) [demonic ancestry]
   350 | D:1      | Reached XP level 2. HP: 20/20 MP: 5/5
   656 | D:2      | Reached skill level 1 in Fighting
   720 | D:2      | Reached skill level 5 in Necromancy
   720 | D:2      | Reached XP level 3. HP: 26/26 MP: 2/6
  1055 | D:2      | Found an opulent altar of Gozag.
  1217 | D:2      | Reached XP level 4. HP: 32/32 MP: 4/7
  1665 | D:3      | Learned a level 4 spell: Animate Dead
  1669 | D:3      | Learned a level 3 spell: Vampiric Draining
  1721 | D:3      | Noticed a phantom
  1772 | D:2      | Killed a phantom
  1773 | D:2      | Reached XP level 5. HP: 17/38 MP: 9/9
  1863 | D:3      | Reached skill level 6 in Necromancy
  2071 | D:3      | Found a sacrificial altar of Ru.
  2678 | D:4      | Noticed Blork the orc
  2679 | D:4      | Noticed a water moccasin
  2699 | D:3      | Killed Blork the orc
  2700 | D:3      | Gained mutation: When seriously injured, your blood forms
                  | thick armour. (AC +9) [demonic ancestry]
  2700 | D:3      | Reached XP level 6. HP: 28/46 MP: 0/11
  2916 | D:4      | Noticed Edmund
  2922 | D:4      | Killed Edmund
  2923 | D:4      | Reached skill level 7 in Necromancy
  2972 | D:4      | Killed a water moccasin
  2973 | D:4      | Gained mutation: You regenerate magic rapidly. [demonic
                  | ancestry]
  2973 | D:4      | Reached XP level 7. HP: 28/52 MP: 1/13
  3118 | D:4      | Noticed Pargi
  3127 | D:4      | Killed Pargi
  3244 | D:4      | Noticed Pikel
  3255 | D:4      | Killed Pikel
  3256 | D:4      | Reached skill level 8 in Necromancy
  3256 | D:4      | Gained mutation: You have large cloven feet. [demonic
                  | ancestry]
  3256 | D:4      | Reached XP level 8. HP: 30/61 MP: 0/15
  3650 | D:4      | Reached skill level 9 in Necromancy
  3879 | D:4      | Reached skill level 5 in Spellcasting
  4062 | D:5      | Entered Level 5 of the Dungeon
  4185 | D:5      | Found a staircase to the Ecumenical Temple.
  4219 | Temple   | Entered the Ecumenical Temple
  4532 | D:5      | Found a hide-covered altar of Uskayaw.
  4596 | D:5      | Found a runed translucent door.
  4601 | D:5      | Noticed gabibbone's ghost (novice TeFi)
  4710 | D:5      | Reached skill level 5 in Fighting
  4741 | D:5      | Killed from afar by an orc priest

Illustrated notes

Levels and vault maps discovered:
D:1:      amcnicky_arrival_flooded_fountain, layout_rooms, minmay_tromino_mix6
D:2:      layout_loops_ring, basic_altar, minmay_gold_behind_fungi
D:3:      layout_loops_ring, nicolae_ru_great_annihilating_truth
D:4:      layout_loops_ring, kennysheep_generic_room_5, uniq_pargi, uniq_pikel,
          uniq_blork_the_orc, uniq_edmund
D:5:      layout_loops_ring, nicolae_overflow_hallway_of_the_gods,
          mainiacjoe_overflow_concentric_impassable,
          minmay_temple_entry_gardened_gates, ebering_ghost_sewer_d,
          uniq_crazy_yiuf_cottage
Temple:   compressed_dpeg_triangle_lava_temple

Skill      XL: |  1  2  3  4  5  6  7  8 |
---------------+-------------------------+-----
Fighting       | 1 2 3 4 5 |  5.0
Necromancy     | 5 6 7 8 9 |  9.3
Spellcasting   | 3 4 5 |  5.1
Dodging        | |  1.7
Stealth        | |  1.7

Action                     |  1- 3 |  4- 6 |  7- 9 || total
---------------------------+-------+-------+-------++-------
  Melee: Unarmed           |     2 |       |       ||     2
         Whip              |       |    14 |       ||    14
   Fire: Sling             |    50 |    42 |    37 ||   129
   Cast: Necrotise         |    41 |    49 |    48 ||   138
         Vampiric Draining |       |     8 |    12 ||    20
         Animate Dead      |       |       |     5 ||     5
 Armour: Robe              |     6 |    16 |     1 ||    23
         Leather armour    |       |       |     1 ||     1
  Dodge: Dodged            |    24 |    26 |    16 ||    66

Table legend: (Time is in decaauts)
 A = Elapsed time spent in this place.
 B = Non-inter-level travel time spent in this place.
 C = Inter-level travel time spent in this place.
 D = Time resting spent in this place.
 E = Time spent auto-exploring this place.
 F = Levels seen in this place.
 G = Mean time per level.
                   A        B        C        D        E       F      G
               +--------+--------+--------+--------+--------+-----+--------+
         Total |   4791 |   4646 |    145 |    260 |   3482 |   6 |  798.5 |
       Dungeon |   4498 |   4375 |    123 |    260 |   3220 |   5 |  899.6 |
        Temple |    292 |    270 |     22 |      0 |    262 |   1 |  292.0 |
               +--------+--------+--------+--------+--------+-----+--------+

Top non-repeatable levels by time:
     D:4: 1341 daAuts
     D:2: 1117 daAuts
     D:3: 993 daAuts
     D:1: 658 daAuts
     D:5: 387 daAuts
  Temple: 292 daAuts
